 Dungeon Crawl Stone Soup version 0.26-a0-631-ged93497179 (webtiles) character file.

Game seed: 11734349136556064024

170 drasked the Ruffian (level 5, -4/53 HPs)
             Began as a Troll Monk on Sept 12, 2020.
             Slain by a worker ant (8 damage)
             ... on level 2 of the Dungeon on Sept 13, 2020.
             The game lasted 00:02:39 (1280 turns).

drasked the Ruffian (Troll Monk)                    Turns: 1280, Time: 00:02:40

Health: -4/53      AC:  6    Str: 19    XL:     5   Next: 25%
Magic:  4/4        EV: 11    Int:  6    God:
Gold:   53         SH:  0    Dex: 13    Spells: 4/4 levels left

rFire    . . .     SeeInvis .     - Unarmed
rCold    . . .     Faith    .   (no shield)
rNeg     . . .     Spirit   .   a - +0 robe
rPois    .         Reflect  .   (helmet restricted)
rElec    .         Harm     .   (no cloak)
rCorr    .         Rampage  .   (gloves unavailable)
MR       .....                  (boots unavailable)
Stlth    ++........             (no amulet)
HPRegen  0.57/turn              (no ring)
MPRegen  0.09/turn              (no ring)

@: lethally poisoned (-4 -> -5)
A: large, unfitting armour, claws 3, regeneration 1, shaggy fur 1, tough skin 3
a: no special abilities


You were on level 2 of the Dungeon.
You visited 1 branch of the dungeon, and saw 2 of its levels.

You collected 53 gold pieces.

Inventory:

Missiles
 b - 6 large rocks (quivered)
Armour
 a - a +0 robe (worn)
Jewellery
 d - an uncursed amulet of guardian spirit {unknown}
   (You found it on level 1 of the Dungeon)
Scrolls
 c - 2 scrolls of magic mapping {unknown}
 f - a scroll of identify {unknown}
Potions
 e - 2 potions of heal wounds {unknown}
 g - a potion of lignification {unknown}
 h - a potion of curing {unknown}


   Skills:
 + Level 3.2 Fighting
 + Level 3.2 Dodging
 - Level 1.0 Stealth
 * Level 4.7 Unarmed Combat


You had 4 spell levels left.
You didn't know any spells.
Your spell library was empty.

Dungeon Overview and Level Annotations

Branches:
Dungeon (2/15)

Altars:
Uskayaw


Innate Abilities, Weirdness & Mutations

You are too large for most types of armour.
You have claws for hands.
Your natural rate of healing is unusually fast.
You are covered in fur. (AC +1)
You have extremely tough skin. (AC +3)


Message History

A ball python is nearby!
A ball python is nearby!
A ball python is nearby!
A rat and an ogre come into view.
A worker ant comes into view.
The ogre shouts!
The ball python hisses angrily.
The ogre hits you with a +0 giant club.
The ball python bites you but does no damage.
You scratch the ogre. The ogre hits you with a +0 giant club!
The ball python bites you.
You are too injured to fight recklessly!
The ball python bites you but does no damage.
The worker ant waves its antennae.
The ball python bites you but does no damage.
You closely miss the ball python. The ball python misses you.
You claw the ball python!
You kill the ball python!
You claw the rat!
You kill the rat!
You scratch the ogre. The ogre closely misses you.
You completely miss the ogre. You claw the ogre! The ogre closely misses you.
You barely miss the ogre. You scratch the ogre. The ogre closely misses you.
You barely miss the ogre. The ogre hits you with a +0 giant club!
You scratch the ogre. The ogre hits you with a +0 giant club!
* * * LOW HITPOINT WARNING * * *
You scratch the ogre but do no damage. You barely miss the ogre.
The ogre hits you with a +0 giant club!
* * * LOW HITPOINT WARNING * * *
You scratch the ogre. The ogre misses you.
You scratch the ogre. You claw the ogre!
You kill the ogre!
You have reached level 5!
You closely miss the worker ant.
The worker ant bites you but does no damage.
The worker ant barely misses you.
You closely miss the worker ant. The worker ant bites you.
* * * LOW HITPOINT WARNING * * *
You closely miss the worker ant. The worker ant bites you.
* * * LOW HITPOINT WARNING * * *
You are poisoned.
The worker ant poisons you!
You barely miss the worker ant.
You feel sick. The worker ant bites you.
* * * LOW HITPOINT WARNING * * *
You are more poisoned.
The worker ant poisons you!
You scratch the worker ant.
You feel sick. The worker ant bites you!
You die...

#........# #.##.###
#........# #.##(#
#........# .###..#(# #
.####........##........###
.'.......................+
.####...#.######.##....###
##.##.# #..#.# # ## #a#
#.##.# #@# # #.##.# #.#
#.##.##.# #.# #.......# #.
#.# ####.#### ##.## #.#
#.# ### ##... ######.#
#.####.. .... ####..<...#
#....... ... #......####
#..###.# #.# #.##.#.#
#..###.#


You could see a worker ant.

Vanquished Creatures
  An ogre (D:2)
  3 adders (D:2)
  An ooze (D:1)
  A worm (D:2)
  4 dart slugs
  A leopard gecko (D:1)
  3 giant cockroaches
  8 goblins
  6 hobgoblins
  A quokka (D:2)
  A ball python (D:2)
  4 bats
  2 kobolds (D:2)
  7 rats
43 creatures vanquished.

Notes
Turn   | Place    | Note
-------+----------+-------------------------------------------
     0 | D:1      | drasked the Troll Monk began the quest for the Orb.
     0 | D:1      | Reached XP level 1. HP: 22/22 MP: 0/0
   176 | D:1      | Reached XP level 2. HP: 25/29 MP: 1/1
   464 | D:1      | Reached XP level 3. HP: 36/36 MP: 2/2
   831 | D:2      | Found a hide-covered altar of Uskayaw.
   984 | D:2      | Reached skill level 4 in Unarmed Combat
  1065 | D:2      | Reached XP level 4. HP: 41/44 MP: 3/3
  1253 | D:2      | Noticed an ogre
  1275 | D:2      | Killed an ogre
  1275 | D:2      | Reached XP level 5. HP: 11/53 MP: 4/4
  1280 | D:2      | Slain by a worker ant

Illustrated notes

Levels and vault maps discovered:
D:1:      shiori_arrival_elements, layout_basic
D:2:      layout_loops_corners, lemuel_round_altar

Skill      XL: |  1  2  3  4 |
---------------+-------------+-----
Unarmed Combat | 4 |  4.7
Fighting       | 3 |  3.2
Dodging        | 3 |  3.2
Stealth        | |  1.0

Action                   |  1- 3 |  4- 6 || total
-------------------------+-------+-------++-------
Melee: Unarmed           |    74 |    34 ||   108
       Punch             |     1 |     2 ||     3
 Stab: Sleeping          |     2 |     3 ||     5
Armor: Robe              |    19 |     6 ||    25
Dodge: Dodged            |    40 |     9 ||    49

Table legend: (Time is in decaauts)
 A = Elapsed time spent in this place.
 B = Non-inter-level travel time spent in this place.
 C = Inter-level travel time spent in this place.
 D = Time resting spent in this place.
 E = Time spent auto-exploring this place.
 F = Levels seen in this place.
 G = Mean time per level.
                   A        B        C        D        E       F      G
               +--------+--------+--------+--------+--------+-----+--------+
         Total |   1272 |   1255 |     17 |     52 |    947 |   2 |  636.0 |
       Dungeon |   1272 |   1255 |     17 |     52 |    947 |   2 |  636.0 |
               +--------+--------+--------+--------+--------+-----+--------+

Top non-repeatable levels by time:
     D:1: 773 daAuts
     D:2: 498 daAuts
